AoeStats
← predatox1990

Arena

509335369Analyzed
4v4 RM · 6d ago on Sep 26, 2026· 66m 40s· 8 players
Game mode
Random Map
Map size
Large (8 player)
Population
200
Speed
Normal
Resources
Standard
Victory
Conquest
Starting age
Dark Age
Ending age
Imperial Age
RankedLock teamsTeams togetherTeam positionsShared explorationLock speedFull tech treeHidden civsTurbo modeCheats
Victory
Defeat
🇺🇸 Magyars · United States
637
+15
🇧🇪 Wei · Belgium
612
+16
🇫🇷 Vietnamese · France
582
+17
🇧🇷 Franks · Brazil
577
+17
🇪🇸 Hindustanis · Spain
637
-17
🇹🇷 Italians · Türkiye
615
-17
🇨🇳 Portuguese · China
604
-16
🇨🇳 Chinese · China
588
-15
shenyany
4:24 Loom
12:32 Feudal Age
17:16 Castle Age
15:06 Horse Collar
22:39 Double-Bit Axe
23:52 Fletching
24:02 Stone Mining
25:04 Gold Mining
25:07 Town Watch
25:57 Padded Archer Armor
31:23 Imperial Age
29:37 Wheelbarrow
29:30 Bow Saw
31:02 Pikeman
32:15 Hand Cart
33:13 Chemistry
33:56 Conscription
34:40 Scale Mail Armor
34:52 Siege Engineers
34:50 Gambesons
37:11 Fortified Wall
37:24 Ballistics
37:16 Masonry
37:03 Murder Holes
37:58 Forging
38:04 Leather Archer Armor
38:23 Scale Barding Armor
38:34 Chain Mail Armor
38:14 Bodkin Arrow
40:30 Thumb Ring
40:47 Arquebus
42:04 Two-Man Saw
41:13 Husbandry
41:24 Bloodlines
41:21 Halberdier
43:56 Elite Skirmisher
45:30 Iron Casting
44:40 Light Cavalry
46:54 Bombard Tower
46:16 Treadmill Crane
47:07 Architecture
60:20 Blast Furnace
60:01 Plate Mail Armor
serkanserpinli
12:58 Feudal Age
14:28 Wheelbarrow
13:43 Horse Collar
13:51 Double-Bit Axe
16:16 Gold Mining
18:28 Stone Mining
22:25 Castle Age
25:30 Hand Cart
26:11 Treadmill Crane
26:43 Masonry
30:01 Imperial Age
27:58 Ballistics
27:34 Fletching
27:55 Forging
27:46 Padded Archer Armor
29:17 Squires
29:02 Arson
30:48 Bow Saw
30:41 Heavy Plow
31:12 Thumb Ring
30:29 Elite Skirmisher
34:41 Stone Shaft Mining
34:24 Leather Archer Armor
34:04 Bodkin Arrow
34:45 Iron Casting
34:11 Scale Mail Armor
34:47 Architecture
35:20 Chemistry
34:51 Architecture
34:36 Caravan
37:26 Blast Furnace
36:26 Bracer
36:57 Ring Archer Armor
37:19 Conscription
37:30 Silk Road
43:46 Pikeman
44:42 Elite Genoese Crossbowman
46:30 Chain Mail Armor
临喻
18:32 Loom
24:36 Feudal Age
25:03 Horse Collar
25:14 Double-Bit Axe
28:02 Wheelbarrow
28:06 Gold Mining
31:57 Stone Mining
34:22 Castle Age
34:30 Castle Age
34:05 Town Watch
36:15 Bow Saw
36:07 Heavy Plow
36:36 Hand Cart
38:32 Ballistics
38:27 Padded Archer Armor
38:18 Fletching
38:44 Town Patrol
45:03 Imperial Age
44:01 Leather Archer Armor
43:43 Bodkin Arrow
43:15 Elite Skirmisher
45:00 Arson
45:16 Squires
44:36 Pikeman
45:21 Scale Mail Armor
45:32 Forging
46:32 Conscription
47:40 Chemistry
47:15 Ring Archer Armor
47:43 Thumb Ring
50:28 Two-Man Saw
50:43 Fortified Wall
52:20 Bracer
53:31 Masonry
55:15 Gold Shaft Mining
55:18 Stone Shaft Mining
55:21 Chain Mail Armor
55:41 Iron Casting
56:43 Iron Casting
56:39 Plate Mail Armor
56:57 Halberdier
59:29 Blast Furnace
59:02 Elite Fire Lancer
jmsuarezm1980
10:50 Feudal Age
11:27 Horse Collar
11:37 Double-Bit Axe
12:31 Gold Mining
20:02 Castle Age
18:29 Man-at-Arms
20:53 Bow Saw
20:47 Heavy Plow
24:24 Stone Mining
25:56 Forging
29:24 Imperial Age
27:54 Gold Shaft Mining
26:59 Long Swordsman
27:42 Squires
27:58 Scale Barding Armor
30:07 Wheelbarrow
29:45 Pikeman
31:01 Hand Cart
30:31 Town Watch
31:28 Caravan
34:10 Two-Man Saw
33:53 Town Patrol
35:06 Stone Shaft Mining
35:59 Heavy Camel Rider
39:42 Iron Casting
38:59 Fletching
39:30 Chain Barding Armor
39:11 Scale Mail Armor
39:49 Ballistics
39:36 Siege Engineers
40:32 Chemistry
39:31 Murder Holes
43:41 Bodkin Arrow
44:03 Chain Mail Armor
44:49 Blast Furnace
45:37 Conscription
46:22 Masonry
predatox1990
0:43 Loom
11:00 Feudal Age
11:34 Double-Bit Axe
11:35 Horse Collar
13:02 Gold Mining
13:50 Stone Mining
21:10 Castle Age
22:04 Bow Saw
22:49 Gold Shaft Mining
22:52 Stone Shaft Mining
22:29 Heavy Plow
26:07 Forging
26:03 Scale Barding Armor
27:14 Wheelbarrow
29:27 Imperial Age
28:04 Treadmill Crane
28:45 Fortified Wall
29:18 Wheelbarrow
31:02 Crop Rotation
30:03 Light Cavalry
30:55 Bloodlines
30:46 Husbandry
32:35 Hand Cart
35:06 Chemistry
35:29 Caravan
35:32 Hussar
38:50 Ming Guang Armor
38:50 Conscription
39:59 Iron Casting
39:45 Chain Barding Armor
39:50 Tuntian
39:21 Pikeman
40:02 Squires
40:19 Halberdier
41:12 Heavy Hei Guang Cavalry
47:34 Scale Mail Armor
53:58 Parthian Tactics
57:24 Blast Furnace
56:40 Chain Mail Armor
56:26 Padded Archer Armor
56:17 Fletching
56:45 Arson
57:01 Squires
57:14 Thumb Ring
Zhukov
0:51 Loom
14:46 Feudal Age
18:05 Wheelbarrow
17:22 Town Watch
20:16 Castle Age
19:07 Double-Bit Axe
22:03 Bow Saw
23:59 Caravan
27:43 Coinage
29:57 Hand Cart
29:43 Town Patrol
35:05 Imperial Age
33:54 Husbandry
35:21 Cavalier
36:05 Chivalry
36:42 Hoardings
37:20 Banking
37:22 Stone Mining
37:23 Gold Mining
38:03 Scale Barding Armor
37:58 Scale Mail Armor
38:09 Forging
37:50 Fletching
38:00 Padded Archer Armor
39:30 Gold Shaft Mining
38:21 Paladin
38:42 Elite Throwing Axeman
39:47 Conscription
40:29 Chain Mail Armor
40:34 Chain Barding Armor
40:50 Iron Casting
43:10 Plate Mail Armor
44:18 Plate Barding Armor
44:00 Leather Archer Armor
43:41 Bodkin Arrow
51:19 Blast Furnace
53:01 Ordonnance Companies
61:42 Fervor
61:48 Block Printing
61:59 Illumination
61:34 Devotion
61:55 Sanctity
61:56 Heresy
62:11 Theocracy
61:32 Herbal Medicine
62:45 Ballistics
63:26 Chemistry
62:12 Arrowslits
62:17 Guard Tower
62:38 Fortified Wall
62:24 Murder Holes
62:35 Siege Engineers
62:40 Masonry
62:11 Treadmill Crane
62:37 Siphons
62:43 Clinker Construction
62:44 Careening
66:01 Faith
Enma Ai7591
3:34 Loom
12:46 Feudal Age
14:12 Horse Collar
14:21 Double-Bit Axe
15:20 Wheelbarrow
18:59 Castle Age
17:14 Stone Mining
21:10 Heavy Plow
21:24 Bow Saw
25:31 Hand Cart
25:41 Hand Cart
26:34 Scale Barding Armor
26:32 Scale Mail Armor
29:23 Gold Mining
32:09 Gold Shaft Mining
37:50 Imperial Age
35:57 Chain Barding Armor
36:02 Chain Mail Armor
35:51 Husbandry
37:06 Bloodlines
37:35 Corvinian Army
40:00 Conscription
39:02 Elite Magyar Huszar
40:20 Plate Barding Armor
40:48 Two-Man Saw
40:21 Crop Rotation
_Ainrad75
11:04 Feudal Age
11:26 Horse Collar
12:24 Wheelbarrow
11:38 Double-Bit Axe
17:23 Castle Age
15:32 Gold Mining
16:07 Stone Mining
18:26 Hand Cart
18:25 Bow Saw
20:19 Heavy Plow
25:10 Forging
25:07 Scale Barding Armor
25:22 Padded Archer Armor
28:18 Stone Shaft Mining
28:19 Bloodlines
28:10 Husbandry
28:16 Town Watch
28:17 Loom
28:41 Fletching
29:07 Leather Archer Armor
28:32 Pikeman
29:14 Squires
29:50 Town Patrol
29:51 Bodkin Arrow
30:14 Chatras
33:30 Imperial Age
32:39 Chain Barding Armor
32:55 Iron Casting
32:51 Ballistics
34:08 Thumb Ring
35:19 Chemistry
34:21 Elite Battle Elephant
35:27 Paper Money
37:01 Plate Barding Armor
36:57 Ring Archer Armor
37:32 Elite Skirmisher
37:40 Elite Skirmisher
39:30 Two-Man Saw
38:32 Halberdier
40:14 Imperial Skirmisher
44:25 Arson
63:54 Bracer
63:55 Scale Mail Armor
64:47 Spies/Treason
65:58 Sappers
67:07 Hoardings
65:53 Elite Rattan Archer
66:00 Crossbowman
67:04 Sanctity
66:47 Devotion
67:14 Illumination
67:05 Block Printing
66:46 Herbal Medicine
67:27 Theocracy
66:25 Onager
66:28 Capped Ram
Connection lost

Rejoining the realm…

Still unreachable

The connection could not be restored.

Session expired

The server has moved on; the page needs a fresh start.